AoeStats
← [Massa] Edo

African Clearing

504327393Analyzed
2v2 RM · 27d ago on Sep 4, 2026· 41m 16s· 4 players
Game mode
Random Map
Map size
Medium (4 player)
Population
200
Speed
Normal
Resources
Standard
Victory
Conquest
Starting age
Dark Age
Ending age
Imperial Age
RankedLock teamsTeams togetherTeam positionsShared explorationLock speedFull tech treeHidden civsTurbo modeCheats
Victory
Defeat
🇩🇪 Huns · Germany
1521
+13
🇩🇪 Spanish · Germany
1521
+14
🇧🇷 Malay · Brazil
1478
-14
🇧🇷 Persians · Brazil
1461
-13
[Massa] Edo
9:30 Loom
12:33 Feudal Age
12:26 Double-Bit Axe
12:54 Man-at-Arms
16:25 Horse Collar
18:45 Arson
21:31 Wheelbarrow
25:28 Castle Age
25:34 Bow Saw
25:48 Fletching
26:47 Bodkin Arrow
29:42 Ballistics
32:44 Padded Archer Armor
34:16 Leather Archer Armor
33:22 Crossbowman
tg
9:01 Loom
11:28 Feudal Age
13:13 Double-Bit Axe
23:14 Castle Age
21:53 Forging
23:42 Scale Barding Armor
29:50 Chain Barding Armor
30:32 Bow Saw
30:34 Fishing Lines
32:42 Bloodlines
32:33 Husbandry
36:18 Horse Collar
38:35 Coinage
38:34 Devotion
39:13 Gold Mining
39:13 Stone Mining
43:14 Imperial Age
liggaligga
7:04 Loom
14:30 Feudal Age
18:02 Castle Age
17:52 Double-Bit Axe
27:16 Horse Collar
29:55 Padded Archer Armor
30:53 Bloodlines
33:12 Town Watch
35:12 Wheelbarrow
34:48 Bow Saw
34:38 Heavy Plow
35:22 Husbandry
37:49 Leather Archer Armor
38:21 Caravan
40:54 Imperial Age
40:31 Gold Mining
41:22 Hand Cart
Tardigrade
7:01 Loom
12:06 Feudal Age
12:59 Double-Bit Axe
20:27 Castle Age
21:45 Bloodlines
23:28 Bow Saw
24:17 Scale Barding Armor
27:19 Horse Collar
36:28 Chain Barding Armor
38:15 Forging
41:12 Heavy Plow
41:49 Wheelbarrow
Connection lost

Rejoining the realm…

Still unreachable

The connection could not be restored.

Session expired

The server has moved on; the page needs a fresh start.